 Dungeon Crawl Stone Soup version 0.29-a0-506-ga2e7fffb44 (webtiles) character file.

Game seed: 12469429029013268639

781 dolemite99 the Basher (level 7, -6/41 HPs)
             Began as a Gargoyle Fighter on May 29, 2022.
             Was an Elder of Jiyva.
             Mangled by a gnoll
             ... wielding a +0 halberd
             ... led by a gnoll shaman
              (9 damage)
             ... on level 5 of the Dungeon.
             The game lasted 00:03:57 (4007 turns).

dolemite99 the Basher (Gargoyle Fighter)            Turns: 4007, Time: 00:03:57

Health: -6/41      AC: 13    Str: 28    XL:     7   Next: 85%
Magic:  7/7        EV:  8    Int:  8    God:    Jiyva [****..]
Gold:   171        SH:  4    Dex:  9    Spells: 6/6 levels left

rFire   + . .      SeeInvis +   a - +0 flail
rCold   . . .      Faith    .   c - +0 buckler
rNeg    + . .      Spirit   .   t - +0 chain mail
rPois   ∞          Reflect  .   (helmet unavailable)
rElec   +          Harm     .   (no cloak)
rCorr   +          Rampage  .   (no gloves)
Will    .....                   (no boots)
Stlth   ..........              u - amulet of the acrobat
HPRegen 1.41/turn               l - +6 ring of strength
MPRegen 0.50/turn               j - ring of protection from fire

@: brilliant, flying
A: sickness immunity, AC +4, negative energy resistance 1, electricity
resistance, torment resistance 1, petrification resistance, antennae 3, acidic
bite
a: Renounce Religion, Oozemancy, Slimify


You were on level 5 of the Dungeon.
You worshipped Jiyva.
Jiyva was greatly pleased with you.
You visited 1 branch of the dungeon, and saw 5 of its levels.

You collected 171 gold pieces.

Inventory:

Hand Weapons
 a - a +0 flail (weapon)
 k - a +0 hunting sling
 w - the +3 whip "Onifo" {vorpal, rElec Stlth+}
   (You took it off a hobgoblin on level 4 of the Dungeon)

   It inflicts extra damage upon your enemies.
   rElec:     It insulates you from electricity.
   Stlth:     It makes you more stealthy.
Armour
 b - a +0 scale mail
 c - a +0 buckler (worn)
 t - a +0 chain mail (worn)
Jewellery
 j - a ring of protection from fire (right hand)
 l - a +6 ring of strength (left hand)
 u - an amulet of the acrobat (around neck)
Wands
 x - a wand of flame (9)
Scrolls
 e - 3 scrolls of teleportation {unknown}
 g - 2 scrolls of blinking {unknown}
 m - 2 scrolls of identify {unknown}
 o - 2 scrolls of vulnerability {unknown}
 p - a scroll of summoning
 q - a scroll of fear {unknown}
 y - a scroll of immolation {unknown}
 A - a scroll of poison {unknown}
Potions
 d - 2 potions of might
 f - a potion of lignification {unknown}
 h - a potion of flight
 i - 2 potions of haste {unknown}
 n - a potion of invisibility {unknown}
 r - 2 potions of berserk rage {unknown}
 s - a potion of brilliance
 v - a potion of mutation {unknown}
 z - a potion of magic {unknown}


   Skills:
 - Level 3.2 Fighting
 + Level 8.7 Maces & Flails
 - Level 3.2 Armour
 - Level 3.2 Shields


You had 6 spell levels left.
You didn't know any spells.
Your spell library was empty.

Dungeon Overview and Level Annotations

Branches:
Dungeon (5/15)             Temple (0/1) D:4

Altars:
Ashenzari
Kikubaaqudgha
Okawaru
Trog
Jiyva

Annotations:
D:4 2 transporters, jfcaron's ghost, amateur HOFi


Innate Abilities, Weirdness & Mutations

You are immune to sickness and miasma.
Your stone body is resilient. (AC +4)
You are immune to poison.
You resist negative energy. (rN+)
You are resistant to electric shocks. (rElec)
You are resistant to unholy torment.
You are immune to petrification.
You have a pair of large antennae on your head. (SInv)
You have acidic saliva.


Message History

The black bear claws you but does no damage.
The gnoll hits you with a +0 halberd! The gnoll misses you.
You sock the black bear!
You bite the black bear, but do no damage.
The black bear is moderately wounded.
The gnoll hits you from afar with a +0 halberd!
The black bear bites you!
* * * LOW HITPOINT WARNING * * *
The black bear closely misses you.
The black bear claws you but does no damage.
You sock the black bear!
The black bear is heavily wounded.
The black bear bites you but does no damage.
The black bear claws you but does no damage.
The black bear barely misses you.
The gnoll hits you from afar with a +0 halberd.
* * * LOW HITPOINT WARNING * * *
You are too injured to fight recklessly!
You closely miss the black bear. Your bite misses the black bear.
The black bear is heavily wounded.
The gnoll barely misses you.
The black bear bites you but does no damage.
The black bear claws you but does no damage.
The black bear claws you.
* * * LOW HITPOINT WARNING * * *
Okay, then.
It was a potion of flight.
You feel very buoyant.
You fly up into the air.
The black bear bites you but does no damage.
The black bear completely misses you. You block the black bear's attack.
The gnoll hits you from afar with a +0 halberd.
* * * LOW HITPOINT WARNING * * *
You hear a distant slurping noise.
It was a potion of brilliance.
You feel clever all of a sudden. The black bear barely misses you. x3
The gnoll hits you from afar with a +0 halberd!
You die...

#.###.### #. #.....# #.
###.### .. #####.##### ##
##.#### #.......... .. ..
..# #.....#.._. #.#.#.
#.# #....##..8.
##.....##.#####........_.
......gh@...)............
##.....##.######....####.
#.#.#. #.# #.#.## ## # #.
#.# ####.##### # .. ..#
#........# ..####
#.##.###.# ### #
#..##.### ##.##...# #
#.##...##


You could see a black bear and a gnoll.

Vanquished Creatures
  Duvessa (D:4)
  A sky beast (D:5)
  A phantom (D:4)
  A scorpion (D:5)
  Dowan (D:4)
  A howler monkey (D:5)
  A hound (D:4)
  An orc priest (D:3)
  Natasha (D:2)
  Terence (D:3)
  2 iguanas
  An orc wizard (D:5)
  A gnoll (D:5)
  8 adders
  3 worms
  A dart slug (D:1)
  10 orcs
  9 bats
  4 endoplasms (D:1)
  5 giant cockroaches
  6 goblins
  6 hobgoblins
  11 jackals
  3 quokkas
  4 ball pythons
  3 kobolds
  5 rats
92 creatures vanquished.

Vanquished Creatures (collateral kills)
  An orc (D:4)
1 creature vanquished.

Vanquished Creatures (others)
  An orc priest (D:5)
  Natasha (twice) (D:2)
  An orc wizard (D:5)
  A gnoll (D:5)
  A worm (D:5)
  An orc (D:5)
  A ball python (D:3)
  3 endoplasms
  A jackal (D:2)
  4 plants (D:5)
16 creatures vanquished.

Grand Total: 109 creatures vanquished

Notes
Turn   | Place    | Note
-------+----------+-------------------------------------------
     0 | D:1      | dolemite99 the Gargoyle Fighter began the quest for the
                  | Orb.
     0 | D:1      | Reached XP level 1. HP: 14/14 MP: 1/1
   100 | D:1      | Reached XP level 2. HP: 19/19 MP: 2/2
   173 | D:1      | Reached skill level 3 in Maces & Flails
   375 | D:1      | Reached XP level 3. HP: 23/23 MP: 3/3
  1168 | D:2      | Noticed Natasha
  1181 | D:2      | Killed Natasha
  1182 | D:2      | Reached skill level 4 in Maces & Flails
  1182 | D:2      | Reached XP level 4. HP: 16/28 MP: 4/4
  1311 | D:2      | Found an ancient bone altar of Kikubaaqudgha.
  1412 | D:2      | Found a faded altar of an unknown god.
  1420 | D:2      | Prayed at the altar of an unknown god.
  1420 | D:2      | Became a worshipper of Jiyva Jaurhur the Shapeless
  1420 | D:2      | Reached * piety under Jiyva
  1608 | D:2      | Reached ** piety under Jiyva
  1673 | D:2      | Killed Natasha
  1687 | D:2      | Killed Natasha
  2105 | D:3      | Noticed Terence
  2117 | D:3      | Killed Terence
  2118 | D:3      | Reached skill level 5 in Maces & Flails
  2118 | D:3      | Reached XP level 5. HP: 19/32 MP: 5/5
  2364 | D:3      | Reached *** piety under Jiyva
  2454 | D:3      | Gained mutation: You have a pair of small antennae on your
                  | head. [Jiyva's grace]
  2454 | D:3      | Gained mutation: You have a pair of antennae on your head.
                  | [Jiyva's grace]
  2454 | D:3      | Gained mutation: You have a pair of large antennae on your
                  | head. (SInv) [Jiyva's grace]
  2454 | D:3      | Gained mutation: You have acidic saliva. [Jiyva's grace]
  2734 | D:4      | Found a transporter.
  2736 | D:4      | Noticed jfcaron's ghost (amateur HOFi)
  2737 | D:4      | Found a transporter.
  2804 | D:4      | Found a staircase to the Ecumenical Temple.
  2805 | D:4      | Noticed a phantom
  2823 | D:4      | Killed a phantom
  2824 | D:4      | Reached skill level 6 in Maces & Flails
  2824 | D:4      | Reached XP level 6. HP: 37/37 MP: 6/6
  2850 | D:4      | Identified the +3 whip "Onifo" {vorpal, rElec Stlth+}
  2987 | D:4      | Noticed Duvessa
  3005 | D:4      | Noticed Dowan
  3008 | D:4      | Killed Duvessa
  3009 | D:4      | Reached skill level 7 in Maces & Flails
  3009 | D:4      | Reached XP level 7. HP: 30/41 MP: 7/7
  3023 | D:4      | Killed Dowan
  3170 | D:4      | Reached **** piety under Jiyva
  3417 | D:4      | Found a bloodstained altar of Trog.
  3487 | D:5      | Entered Level 5 of the Dungeon
  3681 | D:5      | Reached skill level 8 in Maces & Flails
  3765 | D:5      | Found a broken altar of Ashenzari.
  3765 | D:5      | Found an iron altar of Okawaru.
  4006 | D:5      | HP: 1/41 [gnoll/+0 halberd[a gnoll shaman] (5)]
  4007 | D:5      | Mangled by a gnoll

Illustrated notes

Levels and vault maps discovered:
D:1:      erik_arrival_blinker_ship, layout_basic
D:2:      layout_basic, basic_ecumenical_altar, basic_altar,
          kennysheep_generic_room_4, uniq_natasha
D:3:      layout_loops_ring, uniq_terence
D:4:      layout_cave_pods, pf_just_have_faith,
          minmay_temple_entry_glassed_door, gammafunk_ghost_mausoleum,
          uniq_duvessa
D:5:      layout_loops_corners, chequers_temple_overflow_statue_of_worship,
          serial_shops, nicolae_shop_overgrown_old_shop,
          kennysheep_generic_room_5

Skill      XL: |  1  2  3  4  5  6  7 |
---------------+----------------------+-----
Maces & Flails | 3 4 5 6 7 8 |  8.7
Fighting       | |  3.2
Armour         | |  3.2
Shields        | |  3.2

Action                   |  1- 3 |  4- 6 |  7- 9 || total
-------------------------+-------+-------+-------++-------
Melee: Flail             |   123 |   135 |    81 ||   339
       Bite              |       |     6 |    11 ||    17
  Use: Potion            |       |     2 |     2 ||     4
       Scroll            |       |     1 |       ||     1
Armor: Scale mail        |   101 |    43 |       ||   144
       Chain mail        |       |    46 |    40 ||    86
Dodge: Dodged            |   100 |    71 |    47 ||   218
Block: Buckler           |    50 |    31 |     8 ||    89

Table legend: (Time is in decaauts)
 A = Elapsed time spent in this place.
 B = Non-inter-level travel time spent in this place.
 C = Inter-level travel time spent in this place.
 D = Time resting spent in this place.
 E = Time spent auto-exploring this place.
 F = Levels seen in this place.
 G = Mean time per level.
                   A        B        C        D        E       F      G
               +--------+--------+--------+--------+--------+-----+--------+
         Total |   4074 |   3913 |    161 |    231 |   2811 |   5 |  814.8 |
       Dungeon |   4074 |   3913 |    161 |    231 |   2811 |   5 |  814.8 |
               +--------+--------+--------+--------+--------+-----+--------+

Top non-repeatable levels by time:
     D:1: 1199 daAuts
     D:4: 883 daAuts
     D:2: 799 daAuts
     D:3: 669 daAuts
     D:5: 521 daAuts
